 Dungeon Crawl Stone Soup version 0.18-a0-917-g8a3da5b (webtiles) character file.

14085 Duffy the Summoner (level 11, -12/79 HPs)
             Began as a Mummy Summoner on Dec 27, 2015.
             Was the Champion of Sif Muna.
             Mangled by a blink frog (14 damage)
             ... on level 5 of the Lair of Beasts.
             The game lasted 00:47:13 (20822 turns).

Duffy the Summoner (Mummy Summoner)                Turns: 20822, Time: 00:47:13

Health: -12/79     AC:  5    Str: 11    XL:     11   Next: 84%
Magic:  17/21      EV: 14    Int: 18    God:    Sif Muna [******]
Gold:   499        SH:  0    Dex: 13    Spells: 6 memorised, 7 levels left

rFire  x . .     SeeInvis .     a - staff of summoning {!a}
rCold  + . .     Gourm    .     z - +0 robe
rNeg   + + +     Faith    +     (no shield)
rPois  ∞         Spirit   .     k - +0 helmet
rElec  .         Dismiss  .     p - +0 cloak
rCorr  .         Reflect  .     (no gloves)
SustAt .         Harm     .     d - +0 pair of boots
MR     +....                    q - amulet of faith
Stlth  ++........               x - ring of invisibility
                                u - ring of wizardry

@: somewhat resistant to hostile enchantments, unstealthy
A: no food or potions, fire vulnerability, cold resistance 1, negative energy
resistance 3, torment resistance, unbreathing
a: Channel Energy, Forget Spell, Renounce Religion, Evoke Invisibility


You were on level 5 of the Lair of Beasts.
You worshipped Sif Muna.
Sif Muna was exalted by your worship.
You were not hungry.

You visited 2 branches of the dungeon, and saw 15 of its levels.
You also visited: Sewer and Ossuary.

You collected 793 gold pieces.
You spent 294 gold pieces at shops.


Innate Abilities, Weirdness & Mutations

You do not eat or drink.
Your flesh is vulnerable to fire.
You are immune to poison.
Your flesh is cold resistant.
You are immune to negative energy.
You are immune to unholy pain and torment.
You can survive without breathing.


   Skills:
 - Level 5.0 Fighting
 + Level 4.2 Dodging
 - Level 1.5 Stealth
 - Level 7.0 Spellcasting
 + Level 11.8 Summonings
 - Level 2.0 Ice Magic
 - Level 8.0 Invocations


You had 7 spell levels left.
You knew the following spells:

 Your Spells              Type           Power        Failure   Level  Hunger
a - Summon Small Mammal   Summ           ####         1%          1    N/A
i - Call Imp              Summ           ######..     1%          2    N/A
j - Summon Guardian Gole  Hex/Summ       #####...     1%          3    N/A
k - Summon Lightning Spi  Summ/Air       #####...     4%          4    N/A
l - Summon Ice Beast      Ice/Summ       #####...     3%          4    N/A
n - Call Canine Familiar  Summ           ######..     1%          3    N/A

Inventory:

Hand Weapons
 b - a +6 blowgun
 c - a +2 dagger of protection
Missiles
 e - 436 stones (quivered)
 g - 76 poisoned needles
 n - 2 throwing nets
 C - 8 curare-tipped needles
Armour
 d - a +0 pair of boots (worn)
 k - a +0 helmet (worn)
 p - a +0 cloak (worn)
 z - a +0 robe (worn)
Magical Staves
 a - an uncursed staff of summoning (weapon) {!a}
Jewellery
 q - an amulet of faith (around neck)
 t - a -3 ring of dexterity
 u - a ring of wizardry (left hand)
 x - a ring of invisibility (right hand)
Wands
 w - a wand of paralysis (5/24)
 A - a wand of enslavement (12/24)
 B - a wand of frost (26/48)
 G - a wand of polymorph (14/24)
 H - a wand of fire (9/15)
Scrolls
 f - 4 scrolls of fear
 h - 2 scrolls of teleportation
 i - 10 scrolls of remove curse
 j - 4 scrolls of immolation
 l - 2 scrolls of blinking
 m - 2 scrolls of fog
 o - 4 scrolls of amnesia
 r - 3 scrolls of enchant weapon
 s - a scroll of torment
 v - a scroll of magic mapping
 y - a scroll of summoning
 E - a scroll of enchant armour
 I - 2 scrolls of identify
Books
 D - a book of Callings
 F - a book of Frost

Dungeon Overview and Level Annotations

Branches:
Dungeon (9/15)             Temple (0/1) D:6            Lair (6/8) D:9
  Swamp (0/4) Lair:5        Slime (0/6) Lair:6          Orc (0/2) D:9
  Snake: Lair:3-6    Spider: Lair:3-6

Altars:
Ashenzari
Cheibriados
Dithmenos
Elyvilon
Fedhas
Gozag
Makhleb
Nemelex Xobeh
Sif Muna
Trog
Xom
Yredelemnul
Zin
The Shining One

Shops:
D:5 }   D:9 [?!

Annotations:
Lair:2 exclusion: downstairs
Lair:3 Rupert
Lair:5 Dirtsage's ghost, journeyman DsFi


Message History

The river rat bites your ice beast.
The blink frog blinks!
Your ice beast hits the river rat but does no damage.
The river rat misses your ice beast. The blink frog closely misses you.
The river rat bites your ice beast.
Your ice beast hits the river rat but does no damage.
Your ice beast hits the river rat.
Your ice beast freezes the river rat!
The blink frog hits you!
The blink frog blinks!
The blink frog blinks!
Your ice beast hits the river rat.
The river rat dies!
Something misses your ice beast.
The blink frog blinks!
The blink frog blinks!
The blink frog blinks!
The blink frog blinks!
Something bites your ice beast but does no damage.
Really attack while wielding your uncursed staff of summoning {!a}?
Okay, then.
The blink frog blinks!
A water moccasin comes into view.
Something bites your ice beast!
The blink frog blinks!
The river rat bites you. The blink frog hits you!
The blink frog barely misses you.
The blink frog blinks!
The blink frog blinks! x3
The blink frog hits you!
The blink frog blinks!
The blink frog blinks!
There is a stone staircase leading up here.
The blink frog completely misses you. The blink frog hits you!
The blink frog hits you!
You climb upwards.
Level annotation: Dirtsage's ghost, journeyman DsFi
There is a stone staircase leading down here.
Cast which spell? (? or * to list)
You feel a surge of power! A chill wind blows around you.
The blink frog blinks!
The blink frog hits you! The blink frog hits you!
You die...

###..## #### ### ##...### #
##...#############.####.....#.
####....##......##..##.#.........
.................................
.................................
##...............................
##..#P.##..##...................
#..######..#.0F.................
##..# ####...@YF..............
#..## #.................... ##.##
#.................... #...#
##................... ##...#
######...................
###..####.##.....................
....#....####....................
..............P..................
..............PP............P.#..


You could see 2 blink frogs and a friendly ice beast.

Action                   |  1- 3 |  4- 6 |  7- 9 | 10-12 || total
-------------------------+-------+-------+-------+-------++-------
Melee: Dagger            |    31 |   306 |   291 |    44 ||   672
Throw: Stone             |     6 |     3 |     6 |    39 ||    54
 Cast: Summon Small Mamm |    54 |       |       |       ||    54
       Call Imp          |    23 |    24 |    12 |       ||    59
       Call Canine Famil |    19 |    23 |    59 |    58 ||   159
       Summon Ice Beast  |       |       |   150 |   253 ||   403
       Summon Guardian G |       |       |     6 |     7 ||    13
       Summon Lightning  |       |       |     3 |     4 ||     7
Invok: Channel Energy    |       |       |   344 |   537 ||   881
  Use: Scroll            |       |     6 |     5 |     6 ||    17
 Stab: Sleeping          |       |     2 |       |       ||     2
       Distracted        |       |     3 |     2 |       ||     5

Notes
Turn   | Place    | Note
--------------------------------------------------------------
     0 | D:1      | Duffy the Mummy Summoner began the quest for the Orb.
     0 | D:1      | Reached XP level 1. HP: 13/13 MP: 3/3
   836 | D:1      | Reached XP level 2. HP: 19/19 MP: 0/5
  1200 | D:1      | Learned a level 2 spell: Call Imp
  2364 | D:2      | Reached XP level 3. HP: 24/24 MP: 0/6
  2481 | D:1      | Learned a level 3 spell: Call Canine Familiar
  2623 | D:2      | Reached skill level 4 in Summonings
  3320 | D:3      | Found a basalt altar of Yredelemnul.
  3787 | D:3      | Found a sparkling altar of Nemelex Xobeh.
  4073 | D:3      | Reached XP level 4. HP: 30/30 MP: 4/8
  4155 | D:3      | Found a blossoming altar of Fedhas.
  4499 | D:4      | Noticed an ogre
  4523 | D:4      | Killed an ogre
  4523 | D:4      | Reached skill level 3 in Spellcasting
  4590 | D:4      | Found a glowing silver altar of Zin.
  4618 | D:4      | Noticed an ogre
  4676 | D:4      | Found a burning altar of Makhleb.
  4720 | D:4      | Noticed a phantom
  4803 | D:4      | Found a shattered altar of Ashenzari.
  4830 | D:4      | Reached XP level 5. HP: 14/35 MP: 1/9
  5048 | D:4      | Found a sand-covered staircase.
  5058 | Ossuary  | Entered an ossuary
  5230 | Ossuary  | Learned a level 4 spell: Summon Ice Beast
  5371 | Ossuary  | Reached skill level 5 in Summonings
  5987 | D:4      | Reached XP level 6. HP: 39/41 MP: 7/11
  6142 | D:4      | Found a shimmering altar of Xom.
  6710 | D:4      | Found a snail-covered altar of Cheibriados.
  6897 | D:4      | Reached skill level 4 in Spellcasting
  7038 | D:5      | Entered Level 5 of the Dungeon
  7044 | D:5      | Found Kadeupim's Gadget Shop.
  7076 | D:4      | Reached skill level 6 in Summonings
  7195 | D:5      | Reached skill level 1 in Fighting
  7232 | D:5      | Reached XP level 7. HP: 15/48 MP: 13/13
  7280 | D:5      | Reached skill level 2 in Fighting
  7581 | D:5      | Reached skill level 3 in Fighting
  7725 | D:5      | Found a deep blue altar of Sif Muna.
  7733 | D:5      | Became a worshipper of Sif Muna the Loreminder
  8104 | D:6      | Reached skill level 1 in Ice Magic
  8276 | D:5      | Reached skill level 4 in Fighting
  8429 | D:6      | Found a glowing drain.
  8438 | Sewer    | Entered a sewer
  8623 | Sewer    | Found a white marble altar of Elyvilon.
  8743 | D:6      | Reached skill level 2 in Ice Magic
  9627 | D:6      | Reached XP level 8. HP: 51/60 MP: 10/14
  9680 | D:6      | Reached * piety under Sif Muna
  9924 | D:6      | Found a staircase to the Ecumenical Temple.
 10374 | D:7      | Reached skill level 1 in Invocations
 10923 | D:8      | Reached skill level 7 in Summonings
 11025 | D:8      | Reached ** piety under Sif Muna
 11065 | D:8      | Reached skill level 5 in Spellcasting
 11178 | D:8      | Reached skill level 2 in Invocations
 11273 | D:8      | Found an opulent altar of Gozag.
 11322 | D:8      | Noticed a moth of wrath
 11325 | D:8      | Found a bloodstained altar of Trog.
 11890 | D:8      | Found a glowing golden altar of the Shining One.
 11904 | D:8      | Reached XP level 9. HP: 65/65 MP: 4/17
 12720 | D:8      | Learned a level 3 spell: Summon Guardian Golem
 13119 | D:9      | Reached skill level 3 in Invocations
 13127 | D:9      | Reached skill level 8 in Summonings
 13314 | D:9      | Noticed a komodo dragon
 13340 | D:9      | Killed a komodo dragon
 13340 | D:9      | Reached *** piety under Sif Muna
 13387 | D:9      | Noticed a skeletal warrior
 13742 | D:8      | Learned a level 4 spell: Summon Lightning Spire
 13857 | D:8      | Reached skill level 6 in Spellcasting
 13888 | D:8      | Reached skill level 4 in Invocations
 14077 | D:9      | Killed a skeletal warrior
 14295 | D:9      | Reached skill level 9 in Summonings
 14482 | D:9      | Found Kosakiuggim's Distillery.
 14534 | D:9      | Noticed a death yak
 14563 | D:9      | Killed a death yak
 14563 | D:9      | Reached **** piety under Sif Muna
 14563 | D:9      | Reached XP level 10. HP: 72/72 MP: 19/19
 14578 | D:9      | Found a staircase to the Lair.
 14642 | D:9      | Noticed a skeletal warrior
 14673 | D:9      | Killed a skeletal warrior
 14673 | D:9      | Reached skill level 5 in Invocations
 15300 | D:9      | Found Vuegruo's Antique Armour Shoppe.
 15326 | D:9      | Found a staircase to the Orcish Mines.
 15345 | D:9      | Reached skill level 7 in Spellcasting
 15400 | Lair:1   | Entered Level 1 of the Lair of Beasts
 15535 | D:9      | Found a shadowy altar of Dithmenos.
 15558 | D:9      | Found Bisynledi's Magic Scroll Shop.
 15564 | D:9      | Bought a scroll of identify for 28 gold pieces
 15564 | D:9      | Bought a scroll of identify for 28 gold pieces
 15564 | D:9      | Bought a scroll of blinking for 105 gold pieces
 15564 | D:9      | Bought a scroll of fear for 49 gold pieces
 15564 | D:9      | Bought a scroll of identify for 28 gold pieces
 15564 | D:9      | Bought a scroll of fog for 28 gold pieces
 15564 | D:9      | Bought a scroll of identify for 28 gold pieces
 15692 | D:9      | Found a white marble altar of Elyvilon.
 15780 | Lair:1   | Reached ***** piety under Sif Muna
 15799 | Lair:1   | Reached skill level 10 in Summonings
 15799 | Lair:1   | Reached skill level 6 in Invocations
 16213 | Lair:1   | Found a glowing golden altar of the Shining One.
 16435 | Lair:2   | Noticed a five-headed hydra
 16460 | Lair:2   | Killed a five-headed hydra
 16462 | Lair:2   | Reached skill level 7 in Invocations
 16969 | Lair:2   | Reached XP level 11. HP: 71/77 MP: 21/21
 17186 | Lair:2   | Noticed a queen ant
 17211 | Lair:2   | Killed a queen ant
 17674 | Lair:3   | Noticed Rupert
 17727 | Lair:3   | Noticed Sonja
 17760 | Lair:3   | Killed Sonja
 17760 | Lair:3   | Reached skill level 11 in Summonings
 17760 | Lair:3   | Reached skill level 8 in Invocations
 18570 | Lair:4   | Reached skill level 5 in Fighting
 18932 | Lair:4   | Noticed a six-headed hydra
 18937 | Lair:4   | Killed a six-headed hydra
 18937 | Lair:4   | Reached skill level 2 in Dodging
 19062 | Lair:5   | Noticed Dirtsage's ghost (journeyman DsFi)
 19115 | Lair:5   | Reached ****** piety under Sif Muna
 19332 | Lair:5   | Received a gift from Sif Muna
 19342 | Lair:5   | Reached skill level 3 in Dodging
 19817 | Lair:5   | Found a staircase to the Swamp.
 20202 | Lair:6   | Found a staircase to the Slime Pits.
 20315 | Lair:6   | Reached skill level 4 in Dodging
 20822 | Lair:5   | Mangled by a blink frog

Vault maps used:
D:1:      minmay_arrival_semitransparent
D:3:      nicolae_overflow_hidden_temple, nemelex_deck, lemuel_doored_altar,
          minmay_misc_feat_pillars, minmay_misc_feat_rows
D:4:      nicolae_overflow_crystal_walls, lemuel_round_altar,
          lemuel_crystal_altar, old_standard_altar, old_standard_altar,
          nicolae_ossuary_entry_ruins, first_bread, dk_rats_in_the_wall
D:5:      lemuel_round_altar, serial_shops, nicolae_shop_window_shopping
D:6:      lemuel_temple_firewalk_marked, portal_sewer_entry_d,
          minmay_misc_feat_four_crosses, kennysheep_boxes
D:7:      grunt_ministairs_1, kennysheep_generic_room_15
D:8:      nicolae_tso_besieged_by_evil, overflow_temple_1_default, tgw_trog
D:9:      hangedman_screamer, nicolae_dithmenos_the_darkroom,
          lemuel_coloured_pillars_altar, dpeg_lair_monsters, hiddenorc2_lemuel,
          serial_shops, nicolae_shop_statue_plus, nicolae_shop_crystal, shop
Lair:1:   basic_altar, serial_bayou_shore_a
Lair:2:   minivault_29
Lair:3:   dummy_spider_entry, grunt_megastairs_1, lemuel_fruit_tree,
          uniq_rupert, uniq_sonja, uniq_nergalle, uniq_harold
Lair:4:   serial_bayou_ford_a, roderic_carrion_pond
Lair:5:   minmay_swamp_entry_worms, serial_bayou_pond_a
Lair:6:   nicolae_slime_entry_slimehenge, lemuel_fruit_fields,
          grunt_megastairs_4
Sewer:    sewer_kobolds
Ossuary:  ossuary_zaba_two_paths

Vanquished Creatures
  2 hydras
  A queen ant
  A death yak Sonja
  2 skeletal warriors
  3 black mambas
  A torpor snail
  6 spiny frogs
  6 komodo dragons
  2 fire drakes
  A troll
  A trapdoor spider zombie
  2 flying skulls
  A wyvern
  4 shadows
  2 basilisks
  18 yaks
  6 hippogriffs
  A steam dragon
  A hungry ghost
  20 soldier ants
  3 wolves
  2 swamp worms
  9 porcupines
  5 orc warriors
  9 water moccasins
  A wasp
  A black bear
  9 necrophages
  5 ogres
  5 centaurs
  A sky beast
  4 phantoms
  8 crocodiles
  A big kobold
  2 wyvern zombies
  A gnoll sergeant
  13 giant frogs
  A wight
  15 killer bees
  An electric eel
  3 orc priests
  2 giant frog zombies
  A centaur skeleton
  3 quasits
  7 crimson imps
  5 hounds
  6 jellies
  3 orc wizards
  5 giant frog skeletons
  9 iguanas
  2 killer bee zombies
  23 worker ants
  7 sheep
  5 big kobold zombies
  A hound zombie
  5 hound skeletons
  A mummy
  3 worker ant zombies
  4 gnolls
  57 river rats
  13 adders
  An ooze
  6 adder zombies
  7 adder skeletons
  5 worms
  45 orcs
  2 spectral bats
  2 ball pythons
  10 goblins
  14 hobgoblins
  2 jackals
  8 quokkas
  7 bats
  2 bat simulacra
  8 giant cockroaches
  4 giant geckos
  7 giant newts
  7 gnoll zombies
  2 goblin simulacra
  8 goblin zombies
  3 hobgoblin zombies
  A jackal zombie
  20 kobolds
  5 kobold simulacra
  A kobold skeleton
  9 kobold zombies
  An orc skeleton
  7 orc zombies
  2 quokka skeletons
  25 rats
  2 rat simulacra
  5 spectral kobolds
  3 spectral rats
  5 fungi
  4 plants
583 creatures vanquished.
